Description

A Standard Dark Templar Zest used vs Solar during the HSC XVI Final.

This is nothing fancy, but the standard build.

VOD

https://sc2casts.com/cast22623-Zest-vs-Solar-BO7-in-1-video-2017-HomeStory-Cup-XVI-Finals

Replay - Solar v Zest: Game 3 - Ascension to Aiur LE

Build Order

Get SALT Encoding   

  12  0:02  Probe (Chrono Boost)  
  14  0:14  Probe (Chrono Boost)  
  14  0:17  Pylon  
  14  0:25  Probe (Chrono Boost)  
  15  0:31  Probe (Chrono Boost)  
  15  0:39  Gateway  
  15  0:40  Probe (Chrono Boost)  
  17  0:47  Assimilator  
  17  0:52  Probe (Chrono Boost)  
  19  1:05  Probe (Chrono Boost)  
  19  1:17  Probe (Chrono Boost)  
  20  1:23  Nexus  
  20  1:32  Cybernetics Core  
  20  1:37  Probe (Chrono Boost)  
  21  1:42  Assimilator  
  21  1:49  Probe (Chrono Boost)  
  21  1:51  Pylon  
  22  1:55  Stalker  
  23  2:09  Warp Gate  
  26  2:19  Twilight Council, Adept  
  32  2:55  Robotics Facility  
  35  3:10  Dark Shrine  
  37  3:24  Warp Prism, Gateway  
  38  3:30  Gateway x2  
  42  3:49  Pylon  
  44  3:58  Assimilator x2  
  44  4:06  Pylon  
  48  4:29  Pylon, Dark Templar x3  
  53  4:34  Shield Battery  
  53  4:35  Dark Templar  
  52  5:04  Archon x2  
  52  5:05  Dark Templar x3  
  59  5:08  Zealot  
  61  5:43  Dark Templar x3, Zealot  
Spawning Tool Build Advisor. Get it on Overwolf

Go to:

Details

  • Created by: Mithriel
  • Published on: Nov 18, 2017
  • Modified on: Nov 18, 2017
  • Patch: 4.0.0
Show
View Real Time Build Order
Export as new Build Order

Comments (2)

On Jan. 16, 2018, 8:39 p.m., PashkaTLT  said:

I just got rushed again. Yes, the problem with this build is that it can't be your default build. With this build you always need to have a plan B when you see the zerg may rush. And it's ok for many people. But for people who don't play too often it may be difficult to remember multiple builds against zerg. People like me, who play one day a week enter the game, try this build with against A.I., recall it, start ladder and get owned by a rushing zerg. So I think this is not a reliable build and it loses to the builds with opening oracle, because oracle can be done sooner and can protect you against zerg rush, which is often made at around 4 minutes.

On Jan. 16, 2018, 8:29 p.m., PashkaTLT  said:

I think this build needs additional explanation on how to defend against zerg rush. This is a good build when the zerg doesn't rush, but what do you do if they do rush?

Create an account to comment!